[ AOE2 MATCH · #507207980 ]
UnrankedFranks vs Burmese
Player's team · WIN
Rival team · LOSS
[ REPLAY ANALYSIS · EXTRACTED FROM THE RECORDED GAME ]
Feudal
14:10
Castle
29:47
Imperial
—
| APM avg | 50.7 |
| APM peak | 106 |
| eAPM avg | 21.8 |
| Villagers / military | 66 / 21 |
Focus
⚔️ 29.6% · 🌾 70.4%
Archer ×16 · Fishing Ship ×6 · Knight ×3 · Mangonel ×1 · Battering Ram ×1
Feudal
33:31
Castle
—
Imperial
—
| APM avg | 38.3 |
| APM peak | 75 |
| eAPM avg | 20.2 |
| Villagers / military | 66 / 6 |
Focus
⚔️ 26.3% · 🌾 73.7%
Fishing Ship ×9 · Spearman ×5 · Transport Ship ×1
Match map
Initial resources + every placement click. Lines = walls · curves = elevation contours. ◆ gold · ⬟ stone · ● berries · ✦ relic · ◌ wall gap
Your base· Open — unwalled flank
Failey's base· Open — unwalled flank
Smoothed initial terrain · ◌ = detected wall gap · hover for details
Inputs per minute
— NachoMontes - - Failey
Build order — NachoMontes
143 actions detected in the replay
| 0:00 | Create | Villager (Male) |
| 0:02 | Build | House |
| 0:03 | Build | House |
| 0:07 | Create | Villager (Male) |
| 0:08 | Create | Villager (Male) |
| 0:11 | Create | Villager (Male) |
| 1:27 | Create | Villager (Male) |
| 1:36 | Research | Loom |
| 1:58 | Create | Villager (Male) |
| 2:01 | Build | House |
| 2:48 | Build | Lumber Camp |
| 3:04 | Create | Villager (Male) |
| 3:21 | Create | Villager (Male) |
| 3:24 | Create | Villager (Male) |
| 3:34 | Build | House |
| 4:05 | Create | Villager (Male) |
| 4:22 | Build | House |
| 4:48 | Create | Villager (Male) |
| 4:49 | Create | Villager (Male) |
| 4:49 | Create | Villager (Male) |
| 4:52 | Build | House |
| 4:57 | Create | Villager (Male) |
| 5:38 | Create | Villager (Male) |
| 5:38 | Create | Villager (Male) |
| 6:03 | Create | Villager (Male) |
| 6:05 | Create | Villager (Male) |
| 6:09 | Build | House |
| 6:27 | Create | Villager (Male) |
| 6:33 | Build | Dock |
| 7:17 | Create | Fishing Ship |
| 7:17 | Create | Fishing Ship |
| 7:43 | Create | Villager (Male) |
| 7:52 | Create | Fishing Ship |
| 8:17 | Create | Fishing Ship |
| 8:18 | Create | Villager (Male) |
| 8:30 | Create | Villager (Male) |
| 8:53 | Build | Mill |
| 9:01 | Build | House |
| 9:04 | Create | Villager (Male) |
| 9:14 | Create | Villager (Male) |
| 9:21 | Create | Villager (Male) |
| 10:05 | Create | Villager (Male) |
| 10:08 | Build | House |
| 11:02 | Build | Town Center |
| 11:58 | Create | Villager (Male) |
| 11:59 | Research | Feudal Age |
| 12:16 | Create | Villager (Male) |
| 12:28 | Create | Villager (Male) |
| 12:34 | Create | Fishing Ship |
| 12:38 | Create | Villager (Male) |
| 12:54 | Create | Villager (Male) |
| 13:05 | Create | Villager (Male) |
| 13:23 | Create | Villager (Male) |
| 13:26 | Create | Villager (Male) |
| 13:46 | Create | Villager (Male) |
| 13:52 | Create | Fishing Ship |
| 13:54 | Create | Villager (Male) |
| 14:08 | Create | Villager (Male) |
| 14:10 | Age | Feudal Age |
| 14:19 | Build | Barracks |
| 14:25 | Create | Villager (Male) |
| 14:31 | Build | House |
| 14:51 | Create | Villager (Male) |
| 15:02 | Create | Villager (Male) |
| 15:18 | Create | Villager (Male) |
| 15:33 | Build | Mining Camp |
| 15:34 | Create | Villager (Male) |
| 15:35 | Build | Archery Range |
| 15:42 | Research | Double-Bit Axe |
| 16:28 | Create | Archer |
| 16:43 | Build | Palisade Wall |
| 16:46 | Build | Palisade Wall |
| 17:38 | Create | Archer |
| 17:50 | Create | Villager (Male) |
| 18:05 | Create | Archer |
| 18:36 | Create | Archer |
| 18:37 | Create | Villager (Male) |
| 18:47 | Create | Villager (Male) |
| 19:05 | Create | Archer |
| 19:06 | Create | Villager (Male) |
| 20:36 | Create | Archer |
| 20:54 | Create | Archer |
| 21:50 | Create | Archer |
| 22:33 | Create | Archer |
| 23:46 | Build | Lumber Camp |
| 24:26 | Create | Archer |
| 24:32 | Build | Blacksmith |
| 24:38 | Create | Archer |
| 24:42 | Build | House |
| 25:04 | Build | House |
| 25:07 | Build | Palisade Wall |
| 25:19 | Research | Fletching |
| 25:42 | Build | Town Center |
| 25:56 | Build | Palisade Wall |
| 25:56 | Build | Palisade Wall |
| 26:06 | Create | Archer |
| 26:20 | Create | Archer |
| 27:07 | Research | Castle Age |
| 27:07 | Research | Castle Age |
| 27:14 | Create | Archer |
| 28:12 | Create | Villager (Male) |
| 28:14 | Create | Villager (Male) |
| 28:17 | Build | Stable |
| 28:34 | Build | Palisade Wall |
| 28:40 | Build | House |
| 28:50 | Create | Villager (Male) |
| 29:25 | Build | Farm |
| 29:26 | Build | Farm |
| 29:47 | Age | Castle Age |
| 29:53 | Build | Siege Workshop |
| 30:03 | Create | Knight |
| 30:07 | Research | Light Cavalry (upgrade) |
| 30:16 | Build | Farm |
| 30:20 | Build | Dock |
| 30:35 | Create | Mangonel |
| 30:48 | Create | Villager (Male) |
| 30:52 | Create | Villager (Male) |
| 30:56 | Create | Knight |
| 31:13 | Create | Archer |
| 31:13 | Create | Archer |
| 31:20 | Create | Villager (Male) |
| 31:21 | Create | Villager (Male) |
| 31:29 | Create | Villager (Male) |
| 31:43 | Create | Villager (Male) |
| 31:44 | Create | Villager (Male) |
| 31:58 | Create | Villager (Male) |
| 32:27 | Build | Farm |
| 32:28 | Create | Villager (Male) |
| 32:29 | Create | Villager (Male) |
| 32:47 | Create | Knight |
| 33:24 | Create | Villager (Male) |
| 33:31 | Create | Battering Ram |
| 33:34 | Create | Villager (Male) |
| 33:38 | Build | Farm |
| 33:39 | Build | Farm |
| 33:40 | Create | Villager (Male) |
| 33:56 | Create | Villager (Male) |
| 33:58 | Create | Villager (Male) |
| 34:29 | Create | Villager (Male) |
| 35:01 | Research | Bodkin Arrow |
| 35:06 | Build | Monastery |
| 35:07 | Create | Villager (Male) |
| 35:18 | Build | Town Center |
Build order — Failey
126 actions detected in the replay
| 0:00 | Create | Villager (Male) |
| 0:01 | Create | Villager (Male) |
| 0:02 | Build | House |
| 0:03 | Build | House |
| 0:03 | Create | Villager (Male) |
| 0:20 | Create | Villager (Male) |
| 0:21 | Research | Loom |
| 0:21 | Create | Villager (Male) |
| 0:32 | Create | Villager (Male) |
| 1:44 | Build | Palisade Wall |
| 1:48 | Build | Palisade Wall |
| 1:49 | Build | Palisade Wall |
| 1:52 | Build | Palisade Wall |
| 1:52 | Build | Palisade Wall |
| 1:54 | Build | Palisade Wall |
| 2:09 | Build | House |
| 2:25 | Build | Palisade Wall |
| 2:25 | Build | Palisade Wall |
| 2:29 | Build | Palisade Wall |
| 2:37 | Create | Villager (Male) |
| 2:38 | Create | Villager (Male) |
| 2:38 | Create | Villager (Male) |
| 3:13 | Build | Palisade Wall |
| 3:14 | Build | Palisade Wall |
| 3:21 | Build | Palisade Wall |
| 3:22 | Build | Palisade Wall |
| 3:29 | Create | Villager (Male) |
| 3:29 | Create | Villager (Male) |
| 3:29 | Create | Villager (Male) |
| 3:49 | Create | Villager (Male) |
| 4:39 | Create | Villager (Male) |
| 4:52 | Create | Villager (Male) |
| 5:10 | Build | House |
| 5:29 | Create | Villager (Male) |
| 5:29 | Create | Villager (Male) |
| 5:36 | Create | Villager (Male) |
| 5:36 | Create | Villager (Male) |
| 6:05 | Create | Villager (Male) |
| 6:05 | Create | Villager (Male) |
| 7:06 | Create | Villager (Male) |
| 7:06 | Create | Villager (Male) |
| 7:36 | Build | Town Center |
| 7:54 | Build | Lumber Camp |
| 8:01 | Build | Lumber Camp |
| 8:44 | Create | Villager (Male) |
| 8:44 | Create | Villager (Male) |
| 9:02 | Build | Mill |
| 9:38 | Create | Villager (Male) |
| 9:39 | Create | Villager (Male) |
| 9:44 | Build | House |
| 10:02 | Create | Villager (Male) |
| 10:02 | Create | Villager (Male) |
| 11:08 | Create | Villager (Male) |
| 11:11 | Create | Villager (Male) |
| 11:12 | Create | Villager (Male) |
| 11:15 | Create | Villager (Male) |
| 11:15 | Create | Villager (Male) |
| 13:46 | Build | Farm |
| 14:07 | Build | Farm |
| 14:10 | Create | Villager (Male) |
| 14:10 | Create | Villager (Male) |
| 14:13 | Build | House |
| 14:40 | Build | Town Center |
| 14:46 | Build | House |
| 15:06 | Build | House |
| 15:34 | Create | Villager (Male) |
| 15:34 | Create | Villager (Male) |
| 15:34 | Create | Villager (Male) |
| 16:44 | Create | Villager (Male) |
| 18:49 | Create | Villager (Male) |
| 18:49 | Create | Villager (Male) |
| 21:59 | Create | Villager (Male) |
| 22:24 | Create | Villager (Male) |
| 22:24 | Create | Villager (Male) |
| 22:34 | Create | Villager (Male) |
| 22:34 | Create | Villager (Male) |
| 23:37 | Build | Dock |
| 24:33 | Create | Fishing Ship |
| 24:33 | Create | Fishing Ship |
| 24:35 | Build | House |
| 24:58 | Create | Villager (Male) |
| 24:58 | Create | Villager (Male) |
| 25:10 | Create | Fishing Ship |
| 25:20 | Create | Fishing Ship |
| 25:50 | Create | Villager (Male) |
| 25:50 | Create | Villager (Male) |
| 25:54 | Create | Fishing Ship |
| 26:10 | Create | Villager (Male) |
| 26:10 | Create | Villager (Male) |
| 26:39 | Build | Lumber Camp |
| 26:42 | Create | Villager (Male) |
| 26:52 | Create | Fishing Ship |
| 27:04 | Build | Mill |
| 27:09 | Create | Villager (Male) |
| 27:51 | Create | Villager (Male) |
| 27:52 | Create | Villager (Male) |
| 28:02 | Build | House |
| 28:06 | Create | Villager (Male) |
| 28:06 | Create | Villager (Male) |
| 28:19 | Create | Villager (Male) |
| 28:24 | Create | Villager (Male) |
| 28:25 | Create | Villager (Male) |
| 28:33 | Create | Fishing Ship |
| 28:35 | Create | Transport Ship |
| 28:54 | Create | Villager (Male) |
| 29:10 | Build | Dock |
| 29:14 | Create | Fishing Ship |
| 29:29 | Create | Villager (Male) |
| 29:38 | Build | House |
| 30:04 | Create | Fishing Ship |
| 30:50 | Build | House |
| 30:52 | Build | House |
| 30:56 | Build | House |
| 30:58 | Build | Palisade Wall |
| 31:21 | Research | Feudal Age |
| 31:26 | Build | Barracks |
| 31:51 | Create | Villager (Male) |
| 31:56 | Create | Villager (Male) |
| 33:31 | Age | Feudal Age |
| 33:35 | Create | Spearman |
| 33:35 | Create | Spearman |
| 34:06 | Build | Watch Tower |
| 34:11 | Build | Palisade Wall |
| 34:33 | Create | Spearman |
| 34:38 | Create | Spearman |
| 34:53 | Create | Spearman |
Match timeline
| 1:44 | Failey · wall_segment Palisade Wall x1 |
| 1:48 | Failey · wall_segment Palisade Wall x1 |
| 1:49 | Failey · wall_segment Palisade Wall x1 |
| 1:52 | Failey · wall_segment Palisade Wall x1 |
| 1:52 | Failey · wall_segment Palisade Wall x1 |
| 1:54 | Failey · wall_segment Palisade Wall x1 |
| 2:25 | Failey · wall_segment Palisade Wall x1 |
| 2:25 | Failey · wall_segment Palisade Wall x1 |
| 2:29 | Failey · wall_segment Palisade Wall x1 |
| 3:13 | Failey · wall_segment Palisade Wall x1 |
| 3:14 | Failey · wall_segment Palisade Wall x1 |
| 3:21 | Failey · wall_segment Palisade Wall x1 |
| 3:22 | Failey · wall_segment Palisade Wall x1 |
| 6:33 | NachoMontes · first_building Dock |
| 14:10 | NachoMontes · age_up feudal |
| 14:19 | NachoMontes · first_building Barracks |
| 15:35 | NachoMontes · first_building Archery Range |
| 16:43 | NachoMontes · wall_segment Palisade Wall x1 |
| 16:46 | NachoMontes · wall_segment Palisade Wall x1 |
| 23:37 | Failey · first_building Dock |
| 25:07 | NachoMontes · wall_segment Palisade Wall x4 |
| 25:56 | NachoMontes · wall_segment Palisade Wall x1 |
| 25:56 | NachoMontes · wall_segment Palisade Wall x1 |
| 28:17 | NachoMontes · first_building Stable |
| 28:34 | NachoMontes · wall_segment Palisade Wall x1 |
| 29:47 | NachoMontes · age_up castle |
| 29:53 | NachoMontes · first_building Siege Workshop |
| 30:58 | Failey · wall_segment Palisade Wall x4 |
| 31:26 | Failey · first_building Barracks |
| 33:31 | Failey · age_up feudal |
| 34:11 | Failey · wall_segment Palisade Wall x1 |
| 35:06 | NachoMontes · first_building Monastery |
| 35:19 | Failey · resign |
[ AI ANALYSIS · 1 CREDIT ]
What really happened in this match?
Wolo.gg analyzes every decision: build order, eco, micro, common mistakes by bracket. Personalized analysis on WhatsApp or Discord in 30 seconds.
Civ guide
Franks
Perfil
NachoMontes